 Dungeon Crawl Stone Soup version 0.30-a0-242-g7bf8e6d787 (webtiles) character file.

Game seed: 17831837885557639389

27 sleeves the Trooper (level 2, -5/25 HPs)
             Began as a Demonspawn Cinder Acolyte on Oct 11, 2022.
             Was a High Priest of Ignis.
             Slain by an iguana (9 damage)
             ... on level 2 of the Dungeon.
             The game lasted 00:00:53 (1099 turns).

sleeves the Trooper (Demonspawn Cinder Acolyte)     Turns: 1099, Time: 00:00:53

Health: -5/25      AC:  2    Str: 14    XL:     2   Next: 93%
Magic:  12/12      EV: 11    Int: 15    God:    Ignis [*****.]
Gold:   97         SH:  0    Dex:  8    Spells: 3/3 levels left

rFire   + . .      SeeInvis .    a - -1 falchion (flame)
rCold   . . .      Faith    .    (no shield)
rNeg    + . .      Spirit   .    b - +0 robe
rPois   .          Reflect  .    (helmet restricted)
rElec   .          Harm     .    (no cloak)
rCorr   .          Rampage  .    (no gloves)
Will    .....                    (no boots)
Stlth   +.........               (no amulet)
HPRegen 0.24/turn                h - ring of positive energy
MPRegen 0.13/turn                k - ring of magical power

@: no status effects
A: antennae 1
a: Renounce Religion, Fiery Armour, Foxfire Swarm, Rising Flame


You were on level 2 of the Dungeon.
You worshipped Ignis.
Ignis was extremely pleased with you.
You visited 1 branch of the dungeon, and saw 2 of its levels.

You collected 97 gold pieces.

Inventory:

Hand Weapons
 a - a -1 falchion of flaming (weapon)
Armour
 b - a +0 robe (worn)
Jewellery
 h - a ring of positive energy (left hand)
   (You found it on level 1 of the Dungeon)
 i - a ring of flight
   (You found it on level 1 of the Dungeon)
 k - a ring of magical power (right hand)
   (You found it on level 2 of the Dungeon)
Scrolls
 d - a scroll of magic mapping {unknown}
 f - a scroll of enchant weapon {unknown}
 j - 2 scrolls of identify {unknown}
 l - a scroll of amnesia {unknown}
Potions
 c - a potion of invisibility {unknown}
 e - 2 potions of curing {unknown}
 g - a potion of degeneration {unknown}


   Skills:
 + Level 4.2 Fighting
 - Level 2.6 Long Blades
 - Level 1.0 Spellcasting
 - Level 2.6 Fire Magic


You had 3 spell levels left.
You didn't know any spells.
Your spell library contained the following spells:

 Spells                   Type           Power      Damage    Failure   Level
 Scorch                   Fire           16%        2d6       12%         2
 Ozocubu's Armour         Ice            0%         N/A       58%         3
 Ozocubu's Refrigeration  Ice            0%         4d7       100%        7


Dungeon Overview and Level Annotations

Branches:
Dungeon (2/15)

Altars:


Innate Abilities, Weirdness & Mutations

You have a pair of small antennae on your head.


Message History

Welcome, sleeves the Demonspawn Cinder Acolyte.
The heart of this dungeon contains the legendary artefact, the Orb of Zot.
The flames of Ignis gently warm you.
Press ? for a list of commands and other information.
Found a staircase leading out of the dungeon.
Found a hand axe.
You now have 16 gold pieces.
c - a glowing orange potion
Found 5 stones.
No target in view!
Found a sling.
d - a scroll labelled HAAHUC NITERAM You now have 22 gold pieces (gained 6).
You see here a +0 sling.
e - a blue potion
f - a scroll labelled MIUZAF YMEBLUPT
Found a spear.
Found an escape hatch in the floor.
Found a stone staircase leading down.
You see here a +0 spear.
g - a ruby potion A frilled lizard comes into view.
A frilled lizard is nearby!
A frilled lizard is nearby!
The frilled lizard hisses angrily.
You hit the frilled lizard but do no damage.
The frilled lizard bites you but does no damage.
You closely miss the frilled lizard. The frilled lizard closely misses you.
You closely miss the frilled lizard.
The frilled lizard completely misses you.
You closely miss the frilled lizard. The frilled lizard bites you.
You hit the frilled lizard but do no damage.
The frilled lizard closely misses you.
You closely miss the frilled lizard. The frilled lizard bites you.
The frilled lizard closely misses you.
A frilled lizard is nearby!
A frilled lizard is nearby!
A frilled lizard is nearby!
You hit the frilled lizard. You burn the frilled lizard.
You kill the frilled lizard!
No target in view!
No target in view!
No target in view!
No target in view!
No target in view!
No target in view!
No target in view!
An endoplasm comes into view.
An endoplasm is nearby!
An endoplasm is nearby!
An endoplasm is nearby!
You see here a frilled lizard corpse.
The endoplasm quivers.
You completely miss the endoplasm. The endoplasm freezes you.
You are frozen.
You hit the endoplasm. You burn the endoplasm.
The endoplasm is almost dead.
The endoplasm closely misses you.
You hit the endoplasm. You burn the endoplasm.
You kill the endoplasm!
No target in view!
No target in view!
No target in view!
No target in view!
No target in view!
No target in view!
HP restored.
You see here a frilled lizard corpse.
h - a ring of positive energy A goblin comes into view.
It is wielding a +0 dagger.
A goblin is nearby!
A goblin comes into view. It is wielding a +0 club.
Found ice dragon scales.
You hit the goblin. You burn the goblin.
You kill the goblin!
The goblin shouts!
A ball python comes into view.
The goblin closely misses you.
The ball python hisses angrily.
You slash the goblin! You burn the goblin.
You kill the goblin!
The ball python bites you. The ball python closely misses you.
Things that are here:
a +0 club; +0 ice dragon scales You hit the ball python.
You burn the ball python.
You kill the ball python!
No target in view!
No target in view!
A goblin comes into view. It is wielding a +0 dagger.
Found an emerald ring.
The goblin shouts!
A goblin is nearby!
A rat comes into view.
The goblin hits you with a +0 dagger.
You hit the goblin but do no damage. The goblin barely misses you.
The rat barely misses you.
You closely miss the goblin. The goblin hits you but does no damage.
The rat closely misses you.
You barely miss the goblin. The goblin closely misses you.
The rat bites you but does no damage. The goblin hits you but does no damage.
The rat misses you.
You barely miss the goblin. The goblin hits you with a +0 dagger.
The rat bites you.
You hit the goblin. You burn the goblin.
You kill the goblin!
The rat bites you.
You hit the rat but do no damage. The rat misses you.
You hit the rat. You burn the rat.
You kill the rat!
No target in view!
No target in view!
No target in view!
No target in view!
No target in view!
No target in view!
No target in view!
No target in view!
No target in view!
No target in view!
No target in view!
No target in view!
No target in view!
Found a spear.
i - a ring of flight
h - a ring of positive energy (left hand)
A bat comes into view.
A bat is nearby!
A bat is nearby!
The bat completely misses you.
You hit the bat. You burn the bat.
You kill the bat!
You have reached level 2!
Your demonic ancestry asserts itself...
A pair of antennae grows on your head!
A giant cockroach comes into view.
Found 12 gold pieces.
A giant cockroach is nearby!
A giant cockroach is nearby!
Found a stone staircase leading down.
The giant cockroach bites you.
You hit the giant cockroach. You burn the giant cockroach.
The giant cockroach is severely wounded.
The giant cockroach barely misses you.
You hit the giant cockroach. You burn the giant cockroach.
You kill the giant cockroach!
No target in view!
No target in view!
No target in view!
No target in view!
No target in view!
No target in view!
No target in view!
No target in view!
A frilled lizard comes into view.
You see here 12 gold pieces.
A frilled lizard is nearby!
A frilled lizard is nearby!
The frilled lizard closely misses you.
You barely miss the frilled lizard. The frilled lizard bites you.
You closely miss the frilled lizard. The frilled lizard closely misses you.
You slash the frilled lizard! You burn the frilled lizard.
You kill the frilled lizard!
No target in view!
No target in view!
No target in view!
No target in view!
No target in view!
You now have 34 gold pieces (gained 12).
A frilled lizard comes into view.
The frilled lizard hisses angrily.
A frilled lizard is nearby!
A frilled lizard is nearby!
A giant cockroach comes into view.
The frilled lizard bites you but does no damage.
You hit the frilled lizard. You burn the frilled lizard.
You kill the frilled lizard!
You barely miss the giant cockroach. Your punch misses the giant cockroach.
The giant cockroach bites you.
You closely miss the giant cockroach. The giant cockroach barely misses you.
The giant cockroach bites you but does no damage.
You hit the giant cockroach. You burn the giant cockroach.
The giant cockroach is almost dead.
The giant cockroach bites you but does no damage.
You hit the giant cockroach. You burn the giant cockroach.
You kill the giant cockroach!
No target in view!
No target in view!
No target in view!
No target in view!
You see here a giant cockroach corpse.
A goblin comes into view. It is wielding a +0 dagger.
The goblin shouts!
You hear a shout!
The goblin moves out of view.
j - a scroll labelled USINEY ENA OCW A goblin is nearby!
A kobold comes into view. It is wielding a +0 club.
You hit the goblin. You burn the goblin.
You kill the goblin!
Things that are here:
a +0 dagger; 2 gold pieces You closely miss the kobold.
The kobold hits you with a +0 club.
You barely miss the kobold. The kobold hits you but does no damage.
You hit the kobold but do no damage. The kobold closely misses you.
You closely miss the kobold. The kobold barely misses you.
The kobold hits you with a +0 club.
You closely miss the kobold. The kobold barely misses you.
You hit the kobold but do no damage. The kobold closely misses you.
A kobold is nearby!
A kobold is nearby!
You closely miss the kobold. The kobold misses you.
You closely miss the kobold. The kobold hits you with a +0 club.
You closely miss the kobold. The kobold closely misses you.
You closely miss the kobold. The kobold barely misses you.
A kobold comes into view. It is wielding a +0 dagger.
The kobold barely misses you.
You closely miss the kobold.
The kobold shouts!
The kobold hits you with a +0 club.
You hit the kobold. You burn the kobold.
You kill the kobold!
You hit the kobold but do no damage. The kobold hits you with a +0 dagger.
You hit the kobold but do no damage. The kobold hits you but does no damage.
You barely miss the kobold. The kobold hits you with a +0 dagger.
You are too injured to fight recklessly!
You are too injured to fight recklessly!
You are too injured to fight recklessly!
A kobold is nearby!
A kobold is nearby!
You are too injured to fight recklessly!
You barely miss the kobold. The kobold closely misses you.
The kobold barely misses you.
You hit the kobold. You burn the kobold.
You kill the kobold!
You see here a +0 dagger.
You now have 36 gold pieces (gained 2).
You see here a +0 dagger.
Things that are here:
a +0 club; a kobold corpse
Found a scale mail.
You see here a +0 scale mail.
You sense a monster nearby.
A hobgoblin comes into view.
Found 9 gold pieces.
The hobgoblin shouts!
The hobgoblin closely misses you.
You closely miss the hobgoblin. The hobgoblin misses you.
You hit the hobgoblin. You burn the hobgoblin.
The hobgoblin is heavily wounded.
The hobgoblin barely misses you.
You hit the hobgoblin but do no damage.
The hobgoblin is heavily wounded.
The hobgoblin hits you.
You hit the hobgoblin but do no damage.
The hobgoblin is heavily wounded.
The hobgoblin hits you.
You closely miss the hobgoblin. You punch the hobgoblin.
The hobgoblin is almost dead.
The hobgoblin hits you. The hobgoblin barely misses you.
You are too injured to fight recklessly!
You are too injured to fight recklessly!
You are too injured to fight recklessly!
A hobgoblin is nearby!
A hobgoblin is nearby!
A hobgoblin is nearby!
You barely miss the hobgoblin.
You punch the hobgoblin, but do no damage.
The hobgoblin is severely wounded.
The hobgoblin hits you.
* * * LOW HITPOINT WARNING * * *
You hit the hobgoblin. You burn the hobgoblin.
You kill the hobgoblin!
You see here a hobgoblin corpse.
You now have 45 gold pieces (gained 9).
There is a stone staircase leading down here.
You see here a frilled lizard corpse.
Found a ring mail.
j - 2 scrolls labelled USINEY ENA OCW (gained 1)
You sense a monster nearby.
An endoplasm comes into view.
The endoplasm quivers.
You hit the endoplasm. You burn the endoplasm.
The endoplasm is moderately wounded.
The endoplasm freezes you.
You are frozen.
You hit the endoplasm but do no damage.
The endoplasm is moderately wounded.
The endoplasm closely misses you.
You hit the endoplasm. You burn the endoplasm.
You kill the endoplasm!
No target in view!
No target in view!
No target in view!
No target in view!
No target in view!
No target in view!
No target in view!
No target in view!
No target in view!
No target in view!
No target in view!
No target in view!
e - 2 blue potions (gained 1)
Found a stone staircase leading down.
You sense a monster nearby.
There is a stone staircase leading down here.
A quokka comes into view.
You see here 13 gold pieces.
A quokka is nearby!
You miss the quokka. Your punch misses the quokka. The quokka bites you.
You closely miss the quokka. The quokka misses you.
The quokka barely misses you.
You hit the quokka. You burn the quokka.
The quokka is almost dead.
The quokka bites you but does no damage.
You barely miss the quokka.
The quokka is almost dead.
The quokka barely misses you. The quokka bites you.
You hit the quokka. You burn the quokka.
You kill the quokka!
No target in view!
No target in view!
No target in view!
No target in view!
No target in view!
No target in view!
You now have 58 gold pieces (gained 13).
There is a stone staircase leading down here.
You now have 70 gold pieces (gained 12).
You now have 75 gold pieces (gained 5).
A kobold comes into view. It is wielding a +0 whip.
Found 11 gold pieces.
The kobold shouts!
A kobold is nearby!
A kobold is nearby!
Found a mace.
The kobold hits you but does no damage.
You hit the kobold but do no damage. The kobold closely misses you.
You barely miss the kobold. The kobold hits you with a +0 whip. x2
You closely miss the kobold. The kobold closely misses you.
You barely miss the kobold. The kobold closely misses you.
You closely miss the kobold. The kobold closely misses you.
You hit the kobold. You burn the kobold.
You kill the kobold!
Your Fighting skill increases to level 4!
No target in view!
No target in view!
Things that are here:
a +0 whip; 5 stones You now have 86 gold pieces (gained 11).
You see here a +0 mace.
You see here a +0 mace.
Things that are here:
a +0 whip; 5 stones You see here a +0 hand axe.
A hobgoblin comes into view.
The hobgoblin shouts!
A hobgoblin is nearby!
A hobgoblin is nearby!
The hobgoblin barely misses you.
You barely miss the hobgoblin. The hobgoblin closely misses you.
You barely miss the hobgoblin. The hobgoblin closely misses you.
The hobgoblin misses you.
You hit the hobgoblin but do no damage. The hobgoblin hits you.
You completely miss the hobgoblin. The hobgoblin completely misses you.
You closely miss the hobgoblin. The hobgoblin barely misses you.
You hit the hobgoblin but do no damage. The hobgoblin hits you.
You barely miss the hobgoblin. The hobgoblin closely misses you.
You barely miss the hobgoblin. The hobgoblin hits you.
The hobgoblin barely misses you.
You are too injured to fight recklessly!
You are too injured to fight recklessly!
You are too injured to fight recklessly!
A hobgoblin is nearby!
A hobgoblin is nearby!
A hobgoblin is nearby!
You hit the hobgoblin but do no damage. You punch the hobgoblin.
The hobgoblin is heavily wounded.
The hobgoblin closely misses you.
You hit the hobgoblin. You burn the hobgoblin.
The hobgoblin is almost dead.
The hobgoblin barely misses you.
You hit the hobgoblin. You burn the hobgoblin.
You kill the hobgoblin!
You see here a hobgoblin corpse.
You sense a monster nearby.
A kobold comes into view. It is wielding a +0 short sword.
The kobold shouts!
The kobold throws a stone.
The stone hits you but does no damage.
A kobold is nearby!
A kobold is nearby!
The kobold hits you with a +0 short sword.
You hit the kobold but do no damage. The kobold hits you but does no damage.
You barely miss the kobold. The kobold hits you but does no damage.
You hit the kobold. You burn the kobold.
You kill the kobold!
No target in view!
No target in view!
No target in view!
No target in view!
No target in view!
No target in view!
No target in view!
Things that are here:
a +0 short sword; 5 stones; a kobold corpse You see here a +0 spear.
Found a spear.
You see here a +0 spear.
Done exploring.
Done exploring.
Done exploring.
No target in view!
No target in view!
No target in view!
(D) Dungeon
Where to? (? - help)
There is a stone staircase leading down here.
You climb downwards.
Found a robe, a scratched diamond ring and a hand axe.
Found a stone staircase leading up.
There is a stone staircase leading up here.
k - a ring of magical power A rat comes into view.
You feel your magic capacity increase.
k - a ring of magical power (right hand)
A rat is nearby!
Found Ozocubu's Autobiography.
The rat bites you but does no damage.
You closely miss the rat. The rat closely misses you.
You hit the rat. You burn the rat.
The rat is severely wounded.
The rat barely misses you.
You hit the rat. You burn the rat.
You kill the rat!
No target in view!
No target in view!
No target in view!
No target in view!
No target in view!
No target in view!
No target in view!
No target in view!
Magic restored.
A giant cockroach comes into view.
A giant cockroach is nearby!
You hit the giant cockroach. You burn the giant cockroach.
The giant cockroach is severely wounded.
The giant cockroach closely misses you.
You hit the giant cockroach but do no damage.
The giant cockroach is severely wounded.
The giant cockroach misses you.
You closely miss the giant cockroach.
The giant cockroach is severely wounded.
The giant cockroach bites you but does no damage. x2
You barely miss the giant cockroach. Your punch misses the giant cockroach.
The giant cockroach is severely wounded.
The giant cockroach closely misses you.
You hit the giant cockroach but do no damage.
The giant cockroach is severely wounded.
The giant cockroach bites you but does no damage. x2
You barely miss the giant cockroach.
The giant cockroach is severely wounded.
The giant cockroach bites you but does no damage.
You closely miss the giant cockroach.
The giant cockroach is severely wounded.
The giant cockroach barely misses you.
The giant cockroach bites you but does no damage.
You hit the giant cockroach. You burn the giant cockroach.
You kill the giant cockroach!
You pick up Ozocubu's Autobiography and begin reading...
You add the spells Ozocubu's Armour and Ozocubu's Refrigeration to your library.
Okay, then.
Found a stone staircase leading down.
A rat comes into view.
A rat is nearby!
You barely miss the rat. The rat bites you.
You slash the rat! You burn the rat.
You kill the rat!
No target in view!
No target in view!
No target in view!
No target in view!
No target in view!
No target in view!
HP restored.
There is a stone staircase leading down here.
You see here a rat corpse.
A hobgoblin comes into view.
The hobgoblin shouts!
A hobgoblin is nearby!
A hobgoblin is nearby!
Found 7 stones.
Found 11 gold pieces.
The hobgoblin hits you but does no damage.
You hit the hobgoblin. You burn the hobgoblin.
The hobgoblin is heavily wounded.
The hobgoblin hits you. The hobgoblin closely misses you.
You hit the hobgoblin but do no damage.
The hobgoblin is heavily wounded.
The hobgoblin hits you.
You closely miss the hobgoblin.
The hobgoblin is heavily wounded.
The hobgoblin hits you but does no damage.
You barely miss the hobgoblin.
The hobgoblin is heavily wounded.
The hobgoblin barely misses you.
You closely miss the hobgoblin.
The hobgoblin is heavily wounded.
The hobgoblin barely misses you.
You barely miss the hobgoblin.
The hobgoblin is heavily wounded.
The hobgoblin hits you.
You barely miss the hobgoblin.
The hobgoblin is heavily wounded.
The hobgoblin barely misses you. The hobgoblin closely misses you.
You barely miss the hobgoblin.
The hobgoblin is heavily wounded.
The hobgoblin hits you.
You hit the hobgoblin. You burn the hobgoblin.
You kill the hobgoblin!
No target in view!
No target in view!
No target in view!
You see here a hobgoblin corpse.
You see here 7 stones.
You now have 97 gold pieces (gained 11).
You see here 7 stones.
Found 5 curare-tipped darts.
l - a scroll labelled PIOTIRU EDEGOF A bat comes into view.
Found 11 gold pieces.
Found a sapphire potion and a ring mail.
An iguana comes into view.
Found a scroll labelled USINEY ENA OCW.
The iguana hisses angrily.
You see here 5 curare-tipped darts.
The bat barely misses you. The bat hits you but does no damage.
You miss the bat. The bat barely misses you.
You hit the bat but do no damage. The bat hits you but does no damage.
The bat hits you but does no damage. The iguana bites you!
You hit the iguana but do no damage. The bat barely misses you.
The iguana bites you!
Ouch! That really hurt!
* * * LOW HITPOINT WARNING * * *
You hit the iguana but do no damage. The bat hits you but does no damage.
The iguana bites you!
You die...

...........##.##########..
###......####.# ###
#####........ #.#####...
#.# ##..# #. #.# #..
#...##.##### ...
#[...(.!.# #....l@b.#
#........# #........#
#........# #...$....#
#........# #.......?#
##########


You could see an iguana and a bat.

Vanquished Creatures
  A ball python (D:1)
  A bat (D:1)
  2 endoplasms (D:1)
  3 giant cockroaches
  4 goblins (D:1)
  3 hobgoblins
  A quokka (D:1)
  3 frilled lizards (D:1)
  4 kobolds (D:1)
  3 rats
25 creatures vanquished.

Notes
Turn   | Place    | Note
-------+----------+-------------------------------------------
     0 | D:1      | sleeves the Demonspawn Cinder Acolyte began the quest for
                  | the Orb.
     0 | D:1      | Reached XP level 1. HP: 18/18 MP: 2/2
   285 | D:1      | Gained mutation: You have a pair of small antennae on your
                  | head. [demonic ancestry]
   285 | D:1      | Reached XP level 2. HP: 24/24 MP: 3/3
   419 | D:1      | HP: 11/25 [hobgoblin (5)]
   650 | D:1      | Reached skill level 4 in Fighting
  1098 | D:2      | HP: 4/25 [iguana (14)]
  1099 | D:2      | Slain by an iguana

Illustrated notes

Levels and vault maps discovered:
D:1:      saegor_arrival_simple_a, layout_loops_ring, minmay_surrounded
D:2:      layout_rooms, minmay_pentomino_o4

Skill      XL: |  1  2 |
---------------+-------+-----
Fighting       | 4 |  4.2
Long Blades    | |  2.6
Spellcasting   | |  1.0
Fire Magic     | |  2.6

Action                   || total
-------------------------++-------
Melee: Falchion          ||   110
       Punch             ||     3
Armor: Robe              ||    27
Dodge: Dodged            ||    64

Table legend: (Time is in decaauts)
 A = Elapsed time spent in this place.
 B = Non-inter-level travel time spent in this place.
 C = Inter-level travel time spent in this place.
 D = Time resting spent in this place.
 E = Time spent auto-exploring this place.
 F = Levels seen in this place.
 G = Mean time per level.
                   A        B        C        D        E       F      G
               +--------+--------+--------+--------+--------+-----+--------+
         Total |   1116 |   1089 |     27 |      0 |    861 |   2 |  558.0 |
       Dungeon |   1116 |   1089 |     27 |      0 |    861 |   2 |  558.0 |
               +--------+--------+--------+--------+--------+-----+--------+

Top non-repeatable levels by time:
     D:1: 921 daAuts
     D:2: 195 daAuts
